 Dungeon Crawl Stone Soup version 0.31-a0-358-gac0dbeb3ab (webtiles) character file.

Game seed: 7678448599503797360

168 hashsling the Covered (level 5, -7/42 HPs)
             Began as a Human Wanderer on July 25, 2023.
             Mangled by a gnoll
             ... wielding a +0 halberd
              (11 damage)
             ... on level 3 of the Dungeon.
             The game lasted 00:10:42 (2250 turns).

hashsling the Covered (Human Wanderer)              Turns: 2250, Time: 00:10:44

Health: -7/42      AC: 10    Str: 13    XL:     5   Next: 77%
Magic:  6/6        EV:  7    Int: 12    God:
Gold:   142        SH:  5    Dex: 14    Spells: 5/6 levels left

rFire   . . .        p - +0 spear
rCold   . . .        b - +0 buckler
rNeg    . . .        d - +0 chain mail
rPois   .            (no helmet)
rElec   .            (no cloak)
rCorr   .            e - +0 pair of gloves
SInv    .            (no boots)
Will    .....        (no amulet) Stlth
                     l - +4 ring of slaying
HPRegen 0.27/turn    (no ring)
MPRegen 0.10/turn

%: no passive effects
@: no status effects
A: no striking features
a: no special abilities


You were on level 3 of the Dungeon.
You visited 1 branch of the dungeon, and saw 3 of its levels.

You collected 164 gold pieces.
You spent 22 gold pieces at shops.

Inventory:

Hand Weapons
 p - a +0 spear (weapon)
Missiles
 f - 4 boomerangs (quivered)
Armour
 b - a +0 buckler (worn)
 d - a +0 chain mail (worn)
 e - a +0 pair of gloves (worn)
 s - a +0 leather armour
Jewellery
 l - a +4 ring of slaying (left hand)
Scrolls
 a - a scroll of immolation {unknown}
 g - a scroll of brand weapon {unknown}
 h - a scroll of fog {unknown}
 i - a scroll of vulnerability {unknown}
 j - 2 scrolls of teleportation {unknown}
 m - 2 scrolls of identify
 n - a scroll of enchant armour {unknown}
 r - a scroll of blinking {unknown}
Potions
 c - 2 potions of heal wounds
 k - a potion of invisibility {unknown}
 o - 2 potions of magic {unknown}
 q - a potion of attraction {unknown}


   Skills:
 - Level 4.0 Fighting
 - Level 4.0 Armour
 * Level 2.7 Dodging
 - Level 3.0 Shields
 - Level 1.0 Spellcasting
 - Level 1.0 Translocations
 - Level 1.0 Evocations


You had 5 spell levels left.
You knew the following spells:

 Your Spells              Type           Power      Damage    Failure   Level
a - Apportation           Tloc           6%         N/A       99%         1

Your spell library contained the following spells:

 Spells                   Type           Power      Damage    Failure   Level
 Sandblast                Erth           0%         2d4       100%        1
 Passwall                 Tmut/Erth      0%         N/A       100%        2
 Stone Arrow              Conj/Erth      0%         3d7       100%        3
 Teleport Other           Tloc           3%         N/A       100%        3


Dungeon Overview and Level Annotations

Branches:
Dungeon (3/15)

Altars:

Shops:
D:1 ?


Message History

The gnoll hits you with a +0 whip.
* * * LOW HITPOINT WARNING * * *
Reach: p) +0 spear
Press: ? - help, Dir - move target, f/p - gnoll
Aim: a gnoll, wielding a +0 whip (heavily wounded, about 30% to evade your +0 spear)
You hit the gnoll.
The gnoll is severely wounded.
The gnoll barely misses you.
Reach: p) +0 spear
Press: ? - help, Dir - move target, f/p - gnoll
Aim: a gnoll, wielding a +0 whip (severely wounded, about 30% to evade your +0 spear)
You puncture the gnoll!
You kill the gnoll!
The gnoll hits you but does no damage.
Reach: p) +0 spear
Press: ? - help, Dir - move target, f - gnoll
Aim: a gnoll, wielding a +0 halberd (about 30% to evade your +0 spear)
You reach to attack!
You closely miss the gnoll.
The gnoll hits you from afar with a +0 halberd.
* * * LOW HITPOINT WARNING * * *
Reach: p) +0 spear
Press: ? - help, Dir - move target, f/p - gnoll
Aim: a gnoll, wielding a +0 halberd (about 30% to evade your +0 spear)
You reach to attack!
You puncture the gnoll!
The gnoll is heavily wounded.
The gnoll hits you from afar with a +0 halberd.
* * * LOW HITPOINT WARNING * * *
Reach: p) +0 spear
Press: ? - help, Dir - move target, f/p - gnoll
Aim: a gnoll, wielding a +0 halberd (heavily wounded, about 30% to evade your +0 spear)
You reach to attack!
You hit the gnoll.
The gnoll is severely wounded.
You block the gnoll's attack.
Reach: p) +0 spear
Press: ? - help, Dir - move target, f/p - gnoll
Aim: a gnoll, wielding a +0 halberd (severely wounded, about 30% to evade your +0 spear)
You reach to attack!
You barely miss the gnoll.
The gnoll is severely wounded.
The gnoll hits you from afar with a +0 halberd!
You die...

#.# #.....###.### #.#
#....####...##
#.###....##.......
######..##....##.......
#........#.............
#........####..........
#.........##..##.......
#..........#..#######..
####.)@##..............
###.##...........#..
#####g##...........#.<
#....g............ #..
#>.........#...... #..
#................ ...
#####.##..)..... #..
#.##........ .
#.##...#.... .


You could see 2 gnolls.

Vanquished Creatures
  Natasha (thrice) (D:2)
  An adder (D:2)
  2 gnolls (D:3)
  2 worms
  3 dart slugs
  6 endoplasms
  2 giant cockroaches
  8 goblins
  4 hobgoblins
  2 jackals (D:1)
  2 kobolds
  3 quokkas
  5 ball pythons
  5 bats
  2 frilled lizards
  6 rats
56 creatures vanquished.

Notes
Turn   | Place    | Note
-------+----------+-------------------------------------------
     0 | D:1      | hashsling the Human Wanderer began the quest for the Orb.
     0 | D:1      | hashsling set off with the following items: a +0 club, a +0
                  | buckler, a potion of heal wounds, a +0 chain mail; and the
                  | following spell memorised: Apportation; and the following
                  | spells available to memorise: Teleport Other.
     0 | D:1      | Reached XP level 1. HP: 13/13 MP: 2/2
   186 | D:1      | Reached skill level 1 in Fighting
   207 | D:1      | Reached XP level 2. HP: 21/21 MP: 3/3
   409 | D:1      | Found Zyeviec's Magic Scroll Emporium.
   427 | D:1      | Bought a scroll of identify for 22 gold pieces
   693 | D:1      | Reached XP level 3. HP: 28/28 MP: 4/4
  1262 | D:2      | Noticed Natasha
  1272 | D:2      | Killed Natasha
  1273 | D:2      | Reached XP level 4. HP: 26/37 MP: 5/5
  1547 | D:2      | Noticed Natasha
  1559 | D:2      | Killed Natasha
  1560 | D:2      | Reached skill level 1 in Dodging
  1560 | D:2      | Reached XP level 5. HP: 37/42 MP: 6/6
  1768 | D:2      | Noticed Natasha
  1779 | D:2      | Killed Natasha
  2250 | D:3      | Mangled by a gnoll

Illustrated notes

Levels and vault maps discovered:
D:1:      dpeg_arrival_three_same_balls, layout_loops_ring, serial_shops,
          nicolae_square_shop, minivault_27
D:2:      layout_loops_corners, serial_forest, infiniplex_forest_end_1,
          infiniplex_forest_clump_tiny, infiniplex_forest_straight_2,
          infiniplex_forest_clump_small, infiniplex_forest_end_2,
          infiniplex_forest_clump_medium, infiniplex_forest_corner_1,
          minmay_surrounded, uniq_natasha
D:3:      layout_rooms, mainiacjoe_overflow_divided_tiny, serial_shops,
          nicolae_shop_crystal

Skill      XL: |  1  2  3  4  5 |
---------------+----------------+-----
Fighting       | 1 2 3 4 |  4.0
Dodging        | 1 2 |  2.7
Armour         | |  4.0
Shields        | |  3.0
Spellcasting   | |  1.0
Translocations | |  1.0
Evocations     | |  1.0

Action                     |  1- 3 |  4- 6 || total
---------------------------+-------+-------++-------
  Melee: Club              |    75 |       ||    75
         Spear             |    30 |    80 ||   110
  Throw: Boomerang         |     4 |     8 ||    12
 Armour: Chain mail        |    54 |    23 ||    77
  Dodge: Dodged            |    30 |    20 ||    50
  Block: Buckler           |    16 |    11 ||    27

Table legend: (Time is in decaauts)
 A = Elapsed time spent in this place.
 B = Non-inter-level travel time spent in this place.
 C = Inter-level travel time spent in this place.
 D = Time resting spent in this place.
 E = Time spent auto-exploring this place.
 F = Levels seen in this place.
 G = Mean time per level.
                   A        B        C        D        E       F      G
               +--------+--------+--------+--------+--------+-----+--------+
         Total |   2314 |   2179 |    135 |      0 |   1663 |   3 |  771.3 |
       Dungeon |   2314 |   2179 |    135 |      0 |   1663 |   3 |  771.3 |
               +--------+--------+--------+--------+--------+-----+--------+

Top non-repeatable levels by time:
     D:2: 1155 daAuts
     D:1: 1044 daAuts
     D:3: 114 daAuts
